 Dungeon Crawl Stone Soup version 0.29.1-15-g9cfb28693d (webtiles) character file.

Game seed: 4393366958066202063

529 joshua the Ruffian (level 7, -7/105 HPs)
             Began as a Troll Berserker on Mar 17, 2023.
             Was a Follower of Okawaru.
             Mangled by a polar bear (12 damage)
             ... created by the rage of Trog
             ... on level 4 of the Dungeon.
             The game lasted 00:17:59 (2875 turns).

joshua the Ruffian (Troll Berserker)                Turns: 2875, Time: 00:18:01

Health: -7/105     AC:  5    Str: 28    XL:     7   Next: 3%
Magic:  4/6        EV: 12    Int:  3    God:    Okawaru [*.....]
Gold:   1205       SH:  0    Dex:  9    Spells: 6/6 levels left

rFire   . . .      SeeInvis .     - Unarmed
rCold   . . .      Faith    .   (no shield)
rNeg    . . .      Spirit   .   a - +1 animal skin
rPois   .          Reflect  .   (helmet restricted)
rElec   .          Harm     .   (no cloak)
rCorr   .          Rampage  .   (gloves unavailable)
Will    .....                   (boots unavailable)
Stlth   ..........              (no amulet)
HPRegen 1.07/turn               (no ring)
MPRegen 0.10/turn               (no ring)

@: mighty, berserking, heroic, very quick
A: large, unfitting armour, claws 3, regeneration 1, shaggy fur 1, tough skin 1
a: Renounce Religion, Heroism


You were on level 4 of the Dungeon.
You worshipped Okawaru.
Okawaru was aware of your devotion.
You visited 2 branches of the dungeon, and saw 5 of its levels.

You collected 1205 gold pieces.

Inventory:

Hand Weapons
 b - a +0 club
 f - a +1 dagger of venom
 l - a +2 short sword of protection
 r - a +0 dagger
 v - a +0 flail
Armour
 a - a +1 animal skin (worn)
 j - a +1 pair of boots
Magical Staves
 c - a staff of conjuration
 n - a staff of poison
Jewellery
 o - a ring of positive energy
Scrolls
 p - a scroll of immolation
 q - a scroll of teleportation {unknown}
 t - a scroll of identify
 w - a scroll of butterflies {unknown}
Potions
 d - a potion of flight
 e - 4 potions of curing
 g - 2 potions of heal wounds
 i - a potion of invisibility
 m - 2 potions of attraction
 s - 2 potions of haste {unknown}
 u - 2 potions of lignification {unknown}


   Skills:
 * Level 4.3(9.3) Fighting
 * Level 4.3(9.3) Dodging
 * Level 5.2(10.2) Unarmed Combat


You had 6 spell levels left.
You didn't know any spells.
Your spell library contained the following spells:

 Spells                   Type           Power      Damage    Failure   Level
 Sandblast                Erth           0%         2d4       52%         1
 Ensorcelled Hibernation  Hex/Ice        0%         N/A       67%         2
 Passwall                 Tmut/Erth      0%         N/A       67%         2
 Poisonous Vapours        Pois/Air       0%         N/A       67%         2
 Static Discharge         Conj/Air       0%         3-3/arc   67%         2
 Stone Arrow              Conj/Erth      0%         3d7       88%         3
 Swiftness                Air            0%         N/A       88%         3
 Corpse Rot               Necr/Pois/Air  0%         N/A       99%         4
 Dispel Undead            Necr           0%         3d6       99%         4
 Sticky Flame             Conj/Fire      0%         2d3       99%         4
 Orb of Destruction       Conj           0%         9d5       100%        7
 Summon Guardian Golem    Hex/Summ       Unusable   N/A       N/A         3
 Spellforged Servitor     Conj/Summ      Unusable   N/A       N/A         7

Dungeon Overview and Level Annotations

Branches:
Dungeon (4/15)             Temple (1/1) D:4

Altars:
Ashenzari
Cheibriados
Elyvilon
Fedhas
Gozag
Hepliaklqana
Kikubaaqudgha
Makhleb
Nemelex Xobeh
Okawaru
Qazlal
Ru
Sif Muna
Trog
Uskayaw
Vehumet
Wu Jian
Xom
Yredelemnul
Zin
The Shining One


Innate Abilities, Weirdness & Mutations

You are too large for most types of armour.
You have claws for hands.
Your natural rate of healing is unusually fast.
You are covered in fur. (AC +1)
You have tough skin. (AC +1)


Message History

You feel yourself moving faster!
You feel mighty! The black bear bites you! The black bear closely misses you.
The black bear claws you. The black bear completely misses you.
The black bear claws you but does no damage.
The black bear barely misses you. The black bear bites you.
The black bear claws you. x2; The polar bear bites you!
The polar bear claws you.
The polar bear claws you but does no damage.
The polar bear bites you. The polar bear claws you. x2
The black bear closely misses you.
The black bear claws you but does no damage.
The black bear barely misses you. The polar bear bites you.
The polar bear claws you. x2
* * * LOW HITPOINT WARNING * * *
The polar bear closely misses you. The polar bear claws you.
* * * LOW HITPOINT WARNING * * *
The polar bear completely misses you. The black bear bites you.
* * * LOW HITPOINT WARNING * * *
The black bear barely misses you. The black bear claws you.
* * * LOW HITPOINT WARNING * * *
The black bear bites you.
* * * LOW HITPOINT WARNING * * *
The black bear claws you but does no damage.
The black bear barely misses you.
You mangle the black bear!!
The black bear is heavily wounded.
You mangle the black bear!!
You kill the black bear!
That felt strangely unrewarding.
The black bear closely misses you.
The black bear claws you but does no damage.
The black bear barely misses you. The polar bear closely misses you.
The polar bear claws you but does no damage.
The polar bear claws you.
* * * LOW HITPOINT WARNING * * *
The black bear bites you!
* * * LOW HITPOINT WARNING * * *
The black bear barely misses you.
The black bear claws you but does no damage.
The polar bear bites you!
You die...

#.......#.## ## #.
##.........# # ..
.#.......#.## ## #.
.#.......##.###.
#.##.#..<....##....#
..#.##########..#..
# #.#h# ##...#
#.##h#h# #.#.#
#...h@.########
#.#..
####h###......#
#.###
####.###.####.####.#
#........##........#
#.#####.....#.######
#. ##.####.# # ###
### ##### #....
#.#.#


You could see 2 polar bears and 3 black bears.

Vanquished Creatures
  Grinder (D:4)
  Eustachio (D:4)
  A black bear (D:4)
  An orc priest (D:4)
  2 iguanas (D:4)
  3 adders
  A worm (D:2)
  3 dart slugs
  An orc (D:3)
  5 ball pythons
  7 endoplasms
  4 giant cockroaches
  9 goblins
  8 hobgoblins
  2 quokkas
  3 bats
  2 frilled lizards
  5 kobolds
  8 rats
67 creatures vanquished.

Notes
Turn   | Place    | Note
-------+----------+-------------------------------------------
     0 | D:1      | joshua the Troll Berserker began the quest for the Orb.
     0 | D:1      | Reached XP level 1. HP: 22/22 MP: 0/0
   113 | D:1      | Reached XP level 2. HP: 29/29 MP: 1/1
   335 | D:1      | Reached ** piety under Trog
   628 | D:2      | Identified a scroll of acquirement
   628 | D:2      | Acquired 1034 gold pieces
   726 | D:2      | Reached XP level 3. HP: 36/36 MP: 2/2
  1283 | D:3      | Reached XP level 4. HP: 45/45 MP: 3/3
  1285 | D:3      | Found a glowing silver altar of Zin.
  1436 | D:3      | Found a hide-covered altar of Uskayaw.
  1893 | D:3      | Found a faded altar of an unknown god.
  2127 | D:3      | Found a shimmering blue altar of Sif Muna.
  2397 | D:4      | Reached skill level 4 in Unarmed Combat
  2425 | D:4      | Noticed Eustachio
  2435 | D:4      | Killed Eustachio
  2436 | D:4      | Reached XP level 5. HP: 54/54 MP: 4/4
  2492 | D:4      | Found a staircase to the Ecumenical Temple.
  2500 | D:4      | Reached XP level 6. HP: 62/62 MP: 5/5
  2523 | Temple   | Entered the Ecumenical Temple
  2622 | Temple   | Fell from the grace of Trog
  2622 | Temple   | Became a worshipper of Warmaster Okawaru
  2682 | D:4      | Noticed Grinder
  2704 | D:4      | Killed Grinder
  2705 | D:4      | Reached skill level 5 in Unarmed Combat
  2721 | D:4      | Reached * piety under Okawaru
  2722 | D:4      | Reached XP level 7. HP: 59/70 MP: 6/6
  2871 | D:4      | Noticed a polar bear
  2871 | D:4      | Noticed a polar bear
  2875 | D:4      | HP: 5/105 [black bear[the rage of Trog] (11)]
  2875 | D:4      | Mangled by a polar bear

Illustrated notes

Levels and vault maps discovered:
D:1:      lightli_arrival_lavapool, layout_rooms
D:2:      layout_rooms
D:3:      layout_rooms, eat_drink_and_be_merry_uskayaw,
          mainiacjoe_overflow_small_starburst, lemuel_coloured_pillars_altar,
          hellmonk_ecumenical_altar_blasted, st_stairs_13
D:4:      layout_loops_cross, minmay_temple_entry_proselytizer,
          hangedman_minor_gate_pass, uniq_eustachio, uniq_grinder
Temple:   dpeg_three_leaves_temple

Skill      XL: |  1  2  3  4  5  6 |
---------------+-------------------+-----
Fighting       | 3 4 |  4.3
Dodging        | 3 4 |  4.3
Unarmed Combat | 4 5 |  5.2

Action                   |  1- 3 |  4- 6 |  7- 9 || total
-------------------------+-------+-------+-------++-------
Melee: Unarmed           |    97 |    91 |     6 ||   194
       Punch             |     4 |     2 |       ||     6
Invok: Berserk           |       |     1 |       ||     1
       Trog's Hand       |       |     1 |       ||     1
       Heroism           |       |       |     1 ||     1
  Use: Scroll            |     5 |     7 |       ||    12
       Potion            |       |     1 |     2 ||     3
 Stab: Sleeping          |     1 |       |       ||     1
Armor: Animal skin       |    19 |    27 |    10 ||    56
Dodge: Dodged            |    47 |    42 |    18 ||   107
